 Dungeon Crawl Stone Soup version 0.27-a0-1193-g8631133539 (webtiles) character file.

Game seed: 17024668370619332714

240 EnegeticOcto the Magician (level 6, -1/40 HPs)
             Began as a Djinni Earth Elementalist on May 25, 2021.
             Slain by a gnoll
             ... wielding a +0 whip
              (2 damage)
             ... on level 5 of the Dungeon.
             The game lasted 00:04:58 (792 turns).

EnegeticOcto the Magician (DjEE)                     Turns: 792, Time: 00:04:59

Health: -1/40      AC:  3    Str:  5 (7)  XL:     6   Next: 29%
Gold:   95         EV: 12    Int: 17 (18) God:
                   SH:  0    Dex: 14

rFire    + + .     SeeInvis .   g - +0 dagger (venom)
rCold    x . .     Faith    .   (no shield)
rNeg     . . .     Spirit   .   c - +1 robe
rPois    ∞         Reflect  .   (no helmet)
rElec    .         Harm     .   (no cloak)
rCorr    .         Rampage  .   (no gloves)
Will     .....                  (boots unavailable)
Stlth    ++........             (no amulet)
HPRegen  0.13/turn              (no ring)
MPRegen  0.00/turn              (no ring)

@: flying
A: sickness immunity, fire resistance 2, cold vulnerability 1, float, innate
caster, hp casting, extra vitality 1
a: no special abilities


You were on level 5 of the Dungeon.
You visited 2 branches of the dungeon, and saw 6 of its levels.

You collected 95 gold pieces.

Inventory:

Hand Weapons
 g - a +0 dagger of venom (weapon)
   (You took it off a goblin on level 3 of the Dungeon)
 m - a +1 war axe of draining
   (You found it on level 5 of the Dungeon)
Missiles
 b - 167 stones (quivered)
 f - 6 javelins
Armour
 c - a +1 robe (worn)
Scrolls
 e - a scroll of enchant armour
 l - a scroll of teleportation {@r3 !r}
Potions
 k - a potion of brilliance


   Skills:
 - Level 2.1 Dodging
 - Level 1.5 Stealth
 + Level 5.1 Spellcasting


You couldn't memorise any spells.
You knew the following spells:

 Your Spells              Type           Power      Damage    Failure   Level
a - Sandblast             Erth           42%        2d11      1%          1
b - Stone Arrow           Conj/Erth      42%        3d9       5%          3
c - Petrify               Tmut/Erth      21%        N/A       17%         4
d - Lee's Rapid Deconstr  Erth           10%        3d9*      43%         5
e - Corona                Hex            23%        N/A       1%          1
f - Corpse Rot            Necr/Air       N/A        N/A       2%          2
p - Passwall              Tmut/Erth      17%        N/A       2%          2
Your spell library was empty.

Dungeon Overview and Level Annotations

Branches:
Dungeon (5/15)             Temple (1/1) D:4

Altars:
Cheibriados
Dithmenos
Fedhas
Kikubaaqudgha
Okawaru
Qazlal
Sif Muna
Xom
Yredelemnul
Zin
The Shining One


Innate Abilities, Weirdness & Mutations

You are immune to sickness and miasma.
You are immune to poison.
Your flesh is very heat resistant. (rF++)
You are vulnerable to cold. (rC-)
You float through the air rather than walking.
You learn spells naturally, not from books.
Your magical power is your life essence.
You have superior vitality. (+4 HP)


Message History

The blast of sand hits the gnoll shaman.
The gnoll shaman is moderately wounded.
b - 177 stones
There is a stone staircase leading up here.
Casting: Sandblast (safe; 1% risk of failure)
Confirm with . or Enter, or press ? or * to list all spells.
Aiming: Sandblast (safe; 1% risk of failure)
Press: ? - help, Shift-Dir - straight line, f/p - gnoll shaman
Aim: a gnoll shaman, wielding a +0 whip and wearing a +0 leather armour (moderately wounded, 83% to hit)
The blast of sand hits the gnoll shaman but does no damage.
The gnoll shaman is moderately wounded.
b - 176 stones The gnoll shaman closely misses you.
Casting: Sandblast (safe; 1% risk of failure)
Confirm with . or Enter, or press ? or * to list all spells.
Aiming: Sandblast (safe; 1% risk of failure)
Press: ? - help, Shift-Dir - straight line, f/p - gnoll shaman
Aim: a gnoll shaman, wielding a +0 whip and wearing a +0 leather armour (moderately wounded, 83% to hit)
The blast of sand hits the gnoll shaman.
The gnoll shaman is moderately wounded.
b - 175 stones The gnoll shaman closely misses you.
Casting: Sandblast (safe; 1% risk of failure)
Confirm with . or Enter, or press ? or * to list all spells.
Aiming: Sandblast (safe; 1% risk of failure)
Press: ? - help, Shift-Dir - straight line, f/p - gnoll shaman
Aim: a gnoll shaman, wielding a +0 whip and wearing a +0 leather armour (moderately wounded, 83% to hit)
The blast of sand hits the gnoll shaman.
The gnoll shaman is heavily wounded.
b - 174 stones The gnoll shaman completely misses you.
Casting: Sandblast (safe; 1% risk of failure)
Confirm with . or Enter, or press ? or * to list all spells.
Aiming: Sandblast (safe; 1% risk of failure)
Press: ? - help, Shift-Dir - straight line, f/p - gnoll shaman
Aim: a gnoll shaman, wielding a +0 whip and wearing a +0 leather armour (heavily wounded, 83% to hit)
The blast of sand hits the gnoll shaman!
The gnoll shaman is almost dead.
b - 173 stones The gnoll shaman barely misses you.
Casting: Sandblast (safe; 1% risk of failure)
Confirm with . or Enter, or press ? or * to list all spells.
Aiming: Sandblast (safe; 1% risk of failure)
Press: ? - help, Shift-Dir - straight line, f/p - gnoll shaman
Aim: a gnoll shaman, wielding a +0 whip and wearing a +0 leather armour (almost dead, 83% to hit)
The blast of sand hits the gnoll shaman but does no damage.
The gnoll shaman is almost dead.
b - 172 stones The gnoll shaman closely misses you.
Casting: Sandblast (safe; 1% risk of failure)
Confirm with . or Enter, or press ? or * to list all spells.
Aiming: Sandblast (safe; 1% risk of failure)
Press: ? - help, Shift-Dir - straight line, f/p - gnoll shaman
Aim: a gnoll shaman, wielding a +0 whip and wearing a +0 leather armour (almost dead, 83% to hit)
The blast of sand hits the gnoll shaman.
You kill the gnoll shaman!
b - 171 stones You feel your dexterity returning.
Your Spellcasting skill increases to level 5!
Casting: Sandblast (safe; 1% risk of failure)
Confirm with . or Enter, or press ? or * to list all spells.
Aiming: Sandblast (safe; 1% risk of failure)
Press: ? - help, Shift-Dir - straight line, f - quokka
Aim: a quokka (73% to hit)
The blast of sand hits the quokka!
You kill the quokka!
b - 170 stones
* * * LOW HITPOINT WARNING * * *
Casting: Sandblast (safe; 1% risk of failure)
Confirm with . or Enter, or press ? or * to list all spells.
Aiming: Sandblast (safe; 1% risk of failure)
Press: ? - help, Shift-Dir - straight line, f - gnoll
Aim: a gnoll, wielding a +0 whip (83% to hit)
The blast of sand misses the gnoll.
b - 169 stones
* * * LOW HITPOINT WARNING * * *
The gnoll hits you with a +0 whip.
* * * LOW HITPOINT WARNING * * *
Casting: Sandblast (safe; 1% risk of failure)
Confirm with . or Enter, or press ? or * to list all spells.
Aiming: Sandblast (safe; 1% risk of failure)
Press: ? - help, Shift-Dir - straight line, f/p - gnoll
Aim: a gnoll, wielding a +0 whip (83% to hit)
The blast of sand hits the gnoll.
The gnoll is moderately wounded.
b - 168 stones
* * * LOW HITPOINT WARNING * * *
The gnoll hits you with a +0 whip.
* * * LOW HITPOINT WARNING * * *
Casting: Sandblast (safe; 1% risk of failure)
Confirm with . or Enter, or press ? or * to list all spells.
Aiming: Sandblast (safe; 1% risk of failure)
Press: ? - help, Shift-Dir - straight line, f/p - gnoll
Aim: a gnoll, wielding a +0 whip (moderately wounded, 83% to hit)
The blast of sand hits the gnoll!
The gnoll is severely wounded.
b - 167 stones
* * * LOW HITPOINT WARNING * * *
The gnoll hits you with a +0 whip.
You die...

..#....... .# ########
###.......# ########......##
###.#.....# #..........^≈.≈§
..#.).....# ##.......≈###^§§§
.#....#.#.# #........^.^#§..#
...#..#.# ..#.##..........^#§.≈#
.#...#..# ..............^≈§.§..^
...#...#. ...###............_†.
.#...#.... #@g.......≈≈..§.≈^
...#...#.. ###.......^..#^..#
.#...#.... ......###...#.§§.
...#...#.# #########...#.≈§^#
.#...#...# #.#^..^.§.
†..#...#.###############....#§.§.
.#...#....................#.#.#.#
...#...#..##############.##.#.#.#
.#...#....# #......#.#


You could see a gnoll.

Vanquished Creatures
  A howler monkey (D:5)
  A hound (D:4)
  2 gnoll shamans (D:5)
  An orc priest (D:5)
  A hound skeleton (D:4)
  3 adders
  A gnoll (D:5)
  2 worms
  2 orcs (D:5)
  A ball python (D:4)
  3 endoplasms
  2 giant cockroaches
  2 goblins
  A hobgoblin (D:1)
  2 quokkas (D:5)
  3 bats
  2 kobolds
  A rat (D:1)
31 creatures vanquished.

Notes
Turn   | Place    | Note
-------+----------+-------------------------------------------
     0 | D:1      | EnegeticOcto the Djinni Earth Elementalist began the quest
                  | for the Orb.
     0 | D:1      | Reached XP level 1. HP: 15/15 MP: 0/0
    97 | D:2      | Reached XP level 2. HP: 16/21 MP: 0/0
    98 | D:2      | Reached skill level 3 in Spellcasting
   147 | D:1      | Reached XP level 3. HP: 10/25 MP: 0/0
   147 | D:1      | Learned a level 1 spell: Corona
   354 | D:4      | Reached XP level 4. HP: 15/31 MP: 0/0
   362 | D:4      | Found a blossoming altar of Fedhas.
   370 | D:4      | Found a staircase to the Ecumenical Temple.
   384 | Temple   | Entered the Ecumenical Temple
   471 | D:5      | Entered Level 5 of the Dungeon
   478 | D:5      | Found a stormy altar of Qazlal.
   490 | D:5      | Reached skill level 4 in Spellcasting
   490 | D:5      | Reached XP level 5. HP: 28/35 MP: 0/0
   490 | D:5      | Learned a level 2 spell: Corpse Rot
   610 | D:5      | Reached XP level 6. HP: 5/40 MP: 0/0
   789 | D:5      | Reached skill level 5 in Spellcasting
   791 | D:5      | HP: 2/40 [gnoll/+0 whip (3)]
   792 | D:5      | Slain by a gnoll

Illustrated notes

Levels and vault maps discovered:
D:1:      psy_arrival_conway, layout_basic
D:2:      layout_loops_corners, basic_altar, grunt_ministairs_6
D:3:      layout_loops_ring, marbit_many_paths, nicolae_elyvilon_peaceful_grove,
          minivault_23
D:4:      layout_basic, nicolae_overflow_crystal_walls,
          grunt_temple_overflow_open, minmay_temple_entry_statues_pillars
D:5:      gammafunk_wand_slinger, layout_basic, grunt_qazlal_sundering,
          hex_large, minmay_misc_feat_four_crosses
Temple:   compressed_dpeg_triangle_lava_temple

Skill      XL: |  1  2  3  4  5  6 |
---------------+-------------------+-----
Spellcasting   | 3 4 5 |  5.1
Dodging        | |  2.1
Stealth        | |  1.5

Action                   |  1- 3 |  4- 6 || total
-------------------------+-------+-------++-------
Melee: Dagger            |       |     2 ||     2
Throw: Javelin           |     3 |       ||     3
 Cast: Sandblast         |    26 |    34 ||    60
  Use: Scroll            |     4 |       ||     4
       Potion            |       |     5 ||     5
Armor: Robe              |     8 |     1 ||     9
Dodge: Dodged            |    20 |    10 ||    30

Table legend: (Time is in decaauts)
 A = Elapsed time spent in this place.
 B = Non-inter-level travel time spent in this place.
 C = Inter-level travel time spent in this place.
 D = Time resting spent in this place.
 E = Time spent auto-exploring this place.
 F = Levels seen in this place.
 G = Mean time per level.
                   A        B        C        D        E       F      G
               +--------+--------+--------+--------+--------+-----+--------+
         Total |    789 |    772 |     17 |      0 |      0 |   6 |  131.5 |
       Dungeon |    727 |    710 |     17 |      0 |      0 |   5 |  145.4 |
        Temple |     61 |     61 |      0 |      0 |      0 |   1 |   61.0 |
               +--------+--------+--------+--------+--------+-----+--------+

Top non-repeatable levels by time:
     D:4: 257 daAuts
     D:1: 161 daAuts
     D:5: 160 daAuts
     D:3: 90 daAuts
  Temple: 61 daAuts
     D:2: 57 daAuts
